 Dungeon Crawl Stone Soup version 0.19.5 (webtiles) character file.

37352 poop the Peltast (level 13, -2/106 HPs)
             Began as a Minotaur Fighter on Apr 29, 2017.
             Was a High Priest of Hepliaklqana.
             Incinerated by a smoke demon (3 damage)
             ... with a sticky flame
             ... on level 2 of the Abyss.
             The game lasted 01:13:53 (16213 turns).

poop the Peltast (Minotaur Fighter)                Turns: 16213, Time: 01:13:54

Health: -2/106     AC: 27    Str: 30    XL:     13   Next: 57%
Magic:  0/12       EV: 11    Int: 10    God:    Hepliaklqana [*****.]
Gold:   100        SH:  9    Dex: 15    Spells: 0 memorised, 12 levels left

rFire  + . .     SeeInvis +     z - +1 spear of the Heart {drain, -Tele rN+ Str+9 Int+3}
rCold  + . .     Gourm    .     v - +1 plate armour
rNeg   + + .     Faith    .     Q - +1 buckler {reflect}
rPois  .         Spirit   +     (helmet restricted)
rElec  .         Reflect  +     I - +0 cloak "Binlen" {rF+ Str-2 SInv}
rCorr  .         Harm     .     D - +0 pair of gloves
MR     .....     NoTele   +     h - +2 pair of boots {Stlth+}
Stlth  +.........               q - amulet of guardian spirit
                                B - +2 ring of protection
                                K - ring "Xuuc" {rC+ rN+ Int+2 Stlth+}

@: liquid flames, glowing
A: retaliatory headbutt, reduced essence, horns 2, molten scales 1, screaming 1,
slow regeneration 1, strong 1, wild magic 1
a: Recall Ancestor, Ancestor Identity, Transference, Idealise, Renounce Religion


You were on level 2 of the Abyss.
You worshipped Hepliaklqana.
Hepliaklqana was extremely pleased with you.
You were full.

You visited 1 branch of the dungeon, and saw 15 of its levels.
You visited the Abyss 1 time.

You collected 861 gold pieces.
You spent 761 gold pieces at shops.

Inventory:

Hand Weapons
 z - the +1 spear of the Heart (weapon) {drain, -Tele rN+ Str+9 Int+3}
   (You found it on level 7 of the Dungeon)

   A truly terrible weapon, it drains the life of those it strikes.
   It affects your strength (+9).
   It affects your intelligence (+3).
   It protects you from negative energy.
   It prevents most forms of teleportation.
Missiles
 R - 5 javelins (quivered)
Armour
 e - a +0 plate armour
 h - a +2 pair of boots of stealth (worn)
 v - a +1 plate armour (worn)
 w - a +2 ring mail of fire resistance
 D - a +0 pair of gloves (worn)
 I - the +0 cloak "Binlen" (worn) {rF+ Str-2 SInv}
   (You bought it in a shop on level 13 of the Dungeon)

   It affects your strength (-2).
   It protects you from fire.
   It lets you see invisible.
 Q - a +1 buckler of reflection (worn)
Jewellery
 q - an amulet of guardian spirit (around neck)
 r - an uncursed ring of protection from magic
 s - a +6 ring of intelligence
 B - a +2 ring of protection (right hand)
 K - the ring "Xuuc" (left hand) {rC+ rN+ Int+2 Stlth+}
   (You found it on level 10 of the Dungeon)

   [ring of stealth]

   It affects your intelligence (+2).
   It protects you from cold.
   It protects you from negative energy.
   It makes you more stealthy.
 M - a +3 ring of evasion {unknown}
Wands
 a - a wand of iceblast (10/15)
 g - a wand of enslavement (5/24)
 l - a wand of teleportation (5/9)
 m - a wand of flame (30/48)
 t - a wand of digging (12/24)
Scrolls
 b - 5 scrolls of magic mapping
 f - 3 scrolls of identify
 j - 8 scrolls of remove curse
 k - 3 scrolls of blinking
 p - 7 scrolls of fear
 A - a scroll of amnesia
 J - 4 scrolls of teleportation
 L - a scroll of recharging
Potions
 d - 7 potions of might
 n - a potion of agility
 o - 6 potions of curing
 C - a potion of brilliance
 E - 3 potions of resistance
 O - a potion of invisibility {unknown}
Books
 y - a book of Frost

   Spells                             Type                      Level
   a - Freeze                         Ice                          1
   b - Throw Frost                    Conjuration/Ice              2
   c - Ozocubu's Armour               Charms/Ice                   3
   d - Throw Icicle                   Conjuration/Ice              4
   e - Summon Ice Beast               Ice/Summoning                4
Miscellaneous
 G - a crystal ball of energy
 H - a sack of spiders
Comestibles
 i - 10 meat rations
 u - 6 fruits
 x - 4 bread rations
 F - 3 beef jerkies


   Skills:
 + Level 12.1 Fighting
 + Level 13.6 Polearms
 + Level 13.0 Armour
 + Level 4.6 Dodging
 + Level 5.0 Stealth
 + Level 15.1 Shields


You had 12 spell levels left.
You didn't know any spells.

Dungeon Overview and Level Annotations

Branches:
Dungeon (15/15)            Temple (0/1) D:6            Lair (0/6) D:10
    Orc (0/2) D:9          Vaults (0/5) D:14         Depths (0/5) D:15

Altars:
Cheibriados
Dithmenos
Elyvilon
Hepliaklqana
Kikubaaqudgha
Okawaru
Sif Muna
Uskayaw
Yredelemnul

Shops:
D:13 [   D:14 }

Annotations:
D:15 Louise


Innate Abilities, Weirdness & Mutations

You reflexively headbutt those who attack you in melee.
You have a pair of horns on your head.
Your life essence is reduced. (-10% HP)
You are partially covered in molten scales. (AC +2)
You occasionally shout uncontrollably at your foes.
You regenerate slowly when monsters are visible.
Your muscles are strong. (Str +2)
Your spells are a little harder to cast, but a little more powerful.


Message History

You are covered in liquid flames!
You are covered in liquid flames!
A large abomination comes into view.
You are covered in liquid flames!
You are covered in liquid flames!
* * * LOW HITPOINT WARNING * * *
A large abomination comes into view.
The smoke demon gestures at you. The sticky flame hits you! You resist.
You are covered in liquid flames!
* * * LOW HITPOINT WARNING * * *
Okay, then.
As you read the scroll of fog, it crumbles to dust.
The scroll dissolves into smoke.
You are covered in liquid flames!
* * * LOW HITPOINT WARNING * * *
The large abomination hits you!!
* * * LOW HITPOINT WARNING * * *
You are covered in liquid flames!
You die...

## ##### ..#
#....# ....
#....# .$...
#....#
♣....##....##
........#.§.#
.
.......§§§..#
#@§§§.# . #..
#§X§..#.. #.
#3§§.X'..
#§§..##.. #
#....# ##
#....#
##....#
.....# #'
#.....#..
..## ##


You could see a large abomination and a smoke demon.

Vanquished Creatures
  2 ogre magi
  Erolcha (D:10)
  The ghost of antares the Impaler, a journeyman MfGl of Elyvilon (D:7)
  3 centaur warriors
  A skeletal warrior (D:14)
  An unseen horror (shapeshifter) (D:15)
  2 unseen horrors
  2 hill giants
  An orc knight (D:14)
  4 ugly things
  A large abomination (Abyss:2)
  Joseph (D:8)
  A gargoyle (D:13)
  3 centaur skeletons
  A komodo dragon (shapeshifter) (D:15)
  A kobold demonologist (D:12)
  4 yaktaurs
  An ancient zyme (Abyss:2)
  A tengu conjurer (D:12)
  A hornet (D:12)
  4 trolls
  7 two-headed ogres
  A hippogriff (D:10)
  6 slime creatures
  A tarantella (shapeshifter) (D:15)
  3 hogs (D:10)
  2 wyverns (D:10)
  A vampire (D:14)
  2 wraiths
  A redback (shapeshifter) (D:15)
  A steam dragon (D:13)
  3 yaks (D:12)
  3 vampire mosquitoes (D:12)
  3 hungry ghosts
  3 mottled dragons
  A soldier ant (shapeshifter) (D:13)
  A harpy simulacrum (D:15)
  3 ice beasts
  A swamp drake (D:9)
  13 black bears
  A sky beast (D:9)
  3 phantoms
  A necrophage (D:13)
  8 orc warriors
  7 ogres
  8 centaurs
  8 boggarts
  The ghost of babuloseo the Skirmisher, an amateur HuCK of Xom (D:3)
  A crocodile (D:10)
  10 big kobolds
  3 gnoll sergeants
  14 bullfrogs
  A water moccasin skeleton (D:11)
  2 wyvern skeletons (D:14)
  21 killer bees
  6 wights
  2 electric eels (D:10)
  2 howler monkeys (D:6)
  4 crimson imps
  9 hounds
  2 centaur zombies
  12 orc priests
  2 bullfrog skeletons
  A jelly (D:7)
  2 gnoll shamans (D:10)
  10 worker ants
  2 iguanas
  17 orc wizards
  Natasha (twice) (D:2)
  A hound zombie (D:9)
  A hound skeleton (D:7)
  2 worker ant zombies
  A howler monkey zombie (D:7)
  7 gnolls
  10 adders
  A river rat (shapeshifter) (D:15)
  4 shadow imps
  An ufetubus (Abyss:2)
  A dart slug (D:2)
  5 leopard geckos
  40 orcs
  4 giant cockroaches
  9 goblins
  10 hobgoblins
  4 jackals
  30 kobolds
  2 quokkas
  2 ball pythons
  5 bats
  5 frilled lizards
  A jackal skeleton (D:6)
  5 rats
  A spectral orc (D:3)
  A bush (D:7)
  3 plants (D:10)
411 creatures vanquished.

Vanquished Creatures (collateral kills)
  A hydra (D:15)
  A tengu warrior (D:12)
  A hill giant (D:13)
  A centaur zombie (D:14)
  Maurice (D:13)
  An efreet (D:14)
  A troll (D:14)
  A merfolk (D:10)
  A hippogriff (D:9)
  A yak (D:12)
  A black bear (D:10)
  A sky beast (D:10)
  2 orc warriors
  5 ogres
  3 centaurs
  2 wights
  An electric eel (D:10)
  A crimson imp (D:5)
  A hound (D:8)
  2 orc priests (D:13)
  5 orc wizards
  A gnoll shaman (D:10)
  An iguana (D:13)
  Natasha (D:2)
  An adder (D:3)
  A worm (D:3)
  A dart slug (D:3)
  A leopard gecko (D:3)
  10 orcs
  A goblin (D:3)
  A hobgoblin (D:3)
  A jackal (D:9)
  A quokka (D:6)
  3 bats
  3 kobolds
  3 plants (D:10)
64 creatures vanquished.

Vanquished Creatures (others)
  A centaur warrior (D:13)
  6 hexers
  An orc wizard (D:15)
  2 orcs (D:13)
  3 fungi (D:6)
  3 starspawn tentacles (Abyss:2)
16 creatures vanquished.

Grand Total: 491 creatures vanquished

Notes
Turn   | Place    | Note
-------+----------+-------------------------------------------
     0 | D:1      | poop the Minotaur Fighter began the quest for the Orb.
     0 | D:1      | Reached XP level 1. HP: 19/19 MP: 0/0
   305 | D:1      | Reached XP level 2. HP: 25/27 MP: 1/1
   445 | D:1      | Reached skill level 4 in Shields
   658 | D:2      | Found a hazy altar of Hepliaklqana.
   672 | D:2      | Reached XP level 3. HP: 27/33 MP: 2/2
   681 | D:2      | Gained mutation: You regenerate slowly when monsters are visible. [potion of mutation]
   681 | D:2      | Gained mutation: You occasionally shout uncontrollably at your foes. [potion of mutation]
   745 | D:2      | Noticed Natasha
   753 | D:2      | Killed Natasha
   760 | D:2      | Gained mutation: You are partially covered in molten scales. (AC +2) [potion of mutation]
   760 | D:2      | Gained mutation: Your muscles are strong. (Str +2) [potion of mutation]
   760 | D:2      | Gained mutation: Your spells are a little harder to cast, but a little more powerful. [potion of mutation]
   943 | D:2      | Reached XP level 4. HP: 40/40 MP: 3/3
   963 | D:2      | Found a hide-covered altar of Uskayaw.
  1099 | D:2      | Noticed Natasha
  1109 | D:2      | Killed Natasha
  1258 | D:2      | Became a worshipper of Hepliaklqana the Forgotten
  1360 | D:2      | Noticed Natasha
  1376 | D:2      | Killed Natasha
  1376 | D:2      | Reached skill level 5 in Shields
  1376 | D:2      | Reached XP level 5. HP: 17/41 MP: 4/4
  1759 | D:3      | Noticed babuloseo's ghost (amateur HuCK)
  1814 | D:3      | Killed babuloseo's ghost
  1814 | D:3      | Reached skill level 5 in Armour
  1814 | D:3      | Reached skill level 1 in Dodging
  1930 | D:3      | Reached XP level 6. HP: 34/46 MP: 5/5
  2101 | D:3      | Found a basalt altar of Yredelemnul.
  2511 | D:4      | Reached skill level 5 in Polearms
  2589 | D:4      | Reached XP level 7. HP: 53/54 MP: 4/6
  2827 | D:4      | Reached * piety under Hepliaklqana
  2872 | D:5      | Entered Level 5 of the Dungeon
  3235 | D:5      | Reached skill level 6 in Shields
  3375 | D:5      | Reached ** piety under Hepliaklqana
  3376 | D:5      | Remembered your ancestor Ealdgyð as a hexer
  3867 | D:6      | Found a staircase to the Ecumenical Temple.
  3987 | D:6      | Reached skill level 5 in Fighting
  3987 | D:6      | Reached XP level 8. HP: 43/61 MP: 4/7
  3998 | D:6      | Reached skill level 1 in Stealth
  4095 | D:6      | Found an ancient bone altar of Kikubaaqudgha.
  4119 | D:6      | Found a deep blue altar of Sif Muna.
  4285 | D:6      | Reached skill level 7 in Shields
  4606 | D:7      | Noticed antares's ghost (journeyman MfGl)
  4622 | D:7      | Killed antares's ghost
  4622 | D:7      | Reached XP level 9. HP: 67/67 MP: 8/8
  4633 | D:7      | Got an ivory spear
  4649 | D:7      | Identified the cursed +1 spear of the Heart {drain, -Tele rN+ Str+9 Int+3} (You found it on level 7 of the Dungeon)
  4704 | D:7      | Reached skill level 8 in Shields
  4918 | D:7      | Found a white marble altar of Elyvilon.
  5349 | D:8      | Reached *** piety under Hepliaklqana
  5401 | D:8      | Noticed Joseph
  5415 | D:8      | Killed Joseph
  5444 | D:8      | Reached skill level 10 in Polearms
  5598 | D:8      | Reached skill level 9 in Shields
  5986 | D:8      | Found a shadowy altar of Dithmenos.
  6247 | D:9      | Reached XP level 10. HP: 77/77 MP: 9/9
  6503 | D:9      | Reached skill level 10 in Shields
  6521 | D:9      | Found an iron altar of Okawaru.
  6898 | D:9      | Found a staircase to the Orcish Mines.
  7183 | D:10     | Entered Level 10 of the Dungeon
  7382 | D:10     | Found a hide-covered altar of Uskayaw.
  7603 | D:10     | Reached **** piety under Hepliaklqana
  7625 | D:10     | Reached skill level 11 in Shields
  7833 | D:10     | Reached XP level 11. HP: 54/84 MP: 7/10
  7883 | D:10     | Got a sparkling steel ring
  8016 | D:10     | Noticed Erolcha
  8026 | D:10     | Killed Erolcha
  8544 | D:10     | Reached skill level 12 in Shields
  8912 | D:10     | Found a staircase to the Lair.
  8938 | D:10     | Identified the ring "Xuuc" {rC+ rN+ Int+2 Stlth+} (You found it on level 10 of the Dungeon)
  9316 | D:11     | Found a snail-covered altar of Cheibriados.
  9524 | D:11     | Identified a scroll of acquirement
  9533 | D:11     | Noticed a centaur warrior
  9548 | D:11     | Killed a centaur warrior
  9763 | D:11     | Noticed a white ugly thing
  9772 | D:11     | Killed a white ugly thing
  9884 | D:12     | Reached skill level 10 in Armour
  9903 | D:12     | Reached skill level 13 in Shields
 10114 | D:12     | Noticed a hill giant
 10147 | D:12     | Killed a hill giant
 10200 | D:12     | Noticed a red ugly thing
 10205 | D:12     | Killed a red ugly thing
 10205 | D:12     | Reached XP level 12. HP: 84/94 MP: 11/11
 10340 | D:12     | Noticed a tengu warrior
 10356 | D:12     | Killed a tengu warrior
 10594 | D:12     | Reached ***** piety under Hepliaklqana
 10745 | D:12     | Noticed a centaur warrior
 10754 | D:12     | Killed a centaur warrior
 10955 | D:13     | Noticed a centaur warrior
 10983 | D:13     | Killed a centaur warrior
 11268 | D:13     | Reached skill level 10 in Fighting
 11307 | D:13     | Noticed a centaur warrior
 11325 | D:13     | Killed a centaur warrior
 11619 | D:13     | Noticed Maurice
 11638 | D:13     | Killed Maurice
 11801 | D:13     | Found Ucvoustre's Antique Armour Shoppe.
 11806 | D:13     | Bought a dazzling cloak for 237 gold pieces
 11816 | D:13     | Identified the +0 cloak "Binlen" {rF+ Str-2 SInv} (You bought it in a shop on level 13 of the Dungeon)
 11818 | D:13     | Bought a shiny buckler for 262 gold pieces
 11818 | D:13     | Bought a glowing buckler for 262 gold pieces
 12347 | D:12     | Reached skill level 14 in Shields
 13007 | D:14     | Found Ucseegaops's Gadget Boutique.
 13162 | D:14     | Reached XP level 13. HP: 85/104 MP: 10/12
 13533 | D:14     | Paralysed by an ogre mage for 3 turns
 13707 | D:14     | Found a gate to the Vaults.
 14272 | D:15     | Entered Level 15 of the Dungeon
 15379 | D:15     | Found a staircase to the Depths.
 15379 | D:15     | Noticed a fire dragon
 15379 | D:15     | a moth of wrath changed into a fire dragon
 15392 | D:15     | Reached skill level 15 in Shields
 15820 | D:15     | Reached skill level 5 in Stealth
 15917 | D:15     | Noticed Louise
 15918 | D:15     | Cast into level 2 of the Abyss (Louise)
 16157 | Abyss:2  | Noticed a lorocyproca
 16200 | Abyss:2  | Noticed a tentacled starspawn
 16212 | Abyss:2  | HP: 1/106 [large abomination (21)]
 16213 | Abyss:2  | Incinerated by a smoke demon

Skill      XL: |  1  2  3  4  5  6  7  8  9 10 11 12 13 |
---------------+----------------------------------------+-----
Shields        | 4 5 6 7 9 11 13 14 15 | 15.1
Armour         | 4 5 6 7 8 9 10 12 13 | 13.0
Fighting       | 4 5 7 8 9 11 12 | 12.1
Polearms       | 3 4 5 6 8 10 11 12 13 | 13.6
Dodging        | 1 2 3 4 |  4.6
Stealth        | 1 2 3 4 5 |  5.0

Action                   |  1- 3 |  4- 6 |  7- 9 | 10-12 | 13-15 || total
-------------------------+-------+-------+-------+-------+-------++-------
Melee: Trident           |    78 |   136 |   142 |       |       ||   356
       Headbutt          |     7 |    15 |    76 |   290 |   167 ||   555
       Spear             |       |       |   177 |   921 |   451 ||  1549
Invok: Ancestor Life: He |       |       |     1 |       |       ||     1
       Recall Ancestor   |       |       |       |     2 |     1 ||     3
Evoke: Wand              |       |       |       |       |     2 ||     2
       Sack of spiders   |       |       |       |       |     1 ||     1
  Use: Potion            |     4 |     1 |     5 |     1 |     3 ||    14
       Scroll            |     3 |     7 |     8 |     9 |     3 ||    30
 Stab: Distracted        |       |       |     1 |     8 |     3 ||    12
       Confused          |       |       |     1 |     4 |     8 ||    13
  Eat: Bread ration      |     1 |       |       |     4 |     1 ||     6
       Meat ration       |       |     1 |       |       |       ||     1
       Fruit             |       |       |    13 |     1 |       ||    14
       Chunk             |       |       |     1 |       |       ||     1
       Beef jerky        |       |       |       |     3 |     4 ||     7
       Pizza             |       |       |       |     3 |       ||     3
Armor: Scale mail        |    21 |    40 |    22 |       |       ||    83
       Chain mail        |       |       |    49 |    12 |       ||    61
       Plate armour      |       |       |       |   248 |   151 ||   399
Dodge: Dodged            |    23 |    33 |    49 |   196 |   123 ||   424
Block: Shield            |    45 |    52 |   136 |   202 |       ||   435
       Buckler           |       |       |       |   115 |   111 ||   226
       Reflection        |       |       |       |    21 |     1 ||    22
